Cogmind - Beta 17.1 @@@ ROGUE MODE // 2026.09.01 @ 02:05:53 Player: BigMaxPorter Result: Destroyed by Y-54 Guardian with Gatling Laser Performance ------------- Evolutions (3) 1500 Regions Visited (5) 1000 Robots Destroyed (47) 235 Value Destroyed (1418) 1418 Prototype IDs (5) 100 Alien Tech Used (0) 0 Bonus (-33) -33 TOTAL SCORE: 4220 Bonus ------- Follower Combat Kills 7 Friendly Fire -40 Cogmind --------- Core Integrity 0/700 Matter 22/300 Energy 86/100 System Corruption 3% Temperature Cool (12) Movement Core (50) Location -7/Factory Parts ------- > --- POWER (2) -------- (None) > --- PROPULSION (3) --- (None) > --- UTILITY (5) ------ Improved Signal Interpreter > --- WEAPON (3) ------- Axe > --- INVENTORY (5) ---- Light Angular Momentum Engine High-capacity Storage Unit Improved Signal Interpreter Light Armor Plating Improved Shield Generator Peak State ------------ > --- POWER ------------ Improved Deuterium Engine Improved Deuterium Engine > --- PROPULSION ------- Armored Wheel Subdweller Monowheel > --- UTILITY ---------- Large Storage Unit Improved Sensor Array Improved Signal Interpreter Light Armor Plating Improved Shield Generator > --- WEAPON ----------- EM Pulse Gun Arc Projector Heavy Laser > --- INVENTORY -------- Deuterium Engine Light Angular Momentum Engine High-capacity Storage Unit Sensor Array Weapon Cycler Advanced ECM Suite Hardlight Generator Improved Shield Generator Arc Projector Shotgun Minigun Flak Gun Heavy Missile Launcher Precision Grenade Launcher Axe [Rating: 38] Favorites ----------- Power Ion Engine Engine Ion Engine Power Core Light Nuclear Core Propulsion Subdweller Monowheel Leg Aluminum Leg Wheel Subdweller Monowheel Flight Unit Flight Unit Utility Small Storage Unit Device Improved Sensor Array Storage Small Storage Unit Processor Improved Signal Interpreter Protection Medium Armor Plating Weapon Medium Laser Energy Gun Medium Laser Ballistic Gun Assault Rifle Ballistic Cannon Battle Cannon Launcher Precision Grenade Launcher Special Weapon Mining Laser Slashing Weapon Axe Build | -11 -10 -10 -10 -8 -7 ------- Run | Yrd Mat Min Sub Mat Fac Slots Evolved 6 | . . . . 4 2 Power 1 | . . . . 1 . Propulsion 1 | . . . . 1 . Utility 3 | . . . . 1 2 Weapon 1 | . . . . 1 . Parts Attached 58 | 6 1 2 12 10 27 Power 12 | 1 . . 4 3 4 Engine 10 | 1 . . 4 2 3 Core 2 | . . . . 1 1 Reactor . | . . . . . . Propulsion 16 | 2 . 2 5 1 6 Treads . | . . . . . . Leg 6 | . . . 2 . 4 Wheel 8 | 2 . . 3 1 2 Hover . | . . . . . . Flight 2 | . . 2 . . . Utility 13 | 1 1 . 1 4 6 Device 7 | . . . 1 2 4 Storage 2 | 1 . . . 1 . Processor 1 | . . . . 1 . Hackware . | . . . . . . Protection 3 | . 1 . . . 2 Artifact . | . . . . . . Weapon 17 | 2 . . 2 2 11 Energy Gun 6 | 1 . . . 1 4 Energy Cannon . | . . . . . . Ballistic Gun 5 | 1 . . . 1 3 Ballistic Cannon 2 | . . . 1 . 1 Launcher 2 | . . . . . 2 Special Weapon 1 | . . . 1 . . Impact Weapon . | . . . . . . Slashing Weapon 1 | . . . . . 1 Piercing Weapon . | . . . . . . Special Melee Weapon . | . . . . . . Unidentified Prototypes 1 | . . . . . 1 Parts Lost 30 | . . . 5 . 25 Power 5 | . . . 2 . 3 Propulsion 7 | . . . 1 . 6 Utility 7 | . . . 1 . 6 Weapon 11 | . . . 1 . 10 Highest Loss Streak 14 | . . . 3 . 14 To Critical Strikes 1 | . . . . . 1 Average Backups 9 | 1 6 8 6 7 12 Power 1 | . 1 1 . 1 1 Propulsion 1 | . 2 2 1 1 . Utility 2 | . . 1 1 2 4 Weapon 4 | . 2 4 3 3 5 Tool/Special . | . . . . . . Unused Backups 12 | . . . 3 3 6 Power 2 | . . . . . 2 Propulsion 1 | . . . . 1 . Utility 7 | . . . 3 . 4 Weapon 2 | . . . . 2 . Tool/Special . | . . . . . . Average Slot Usage (%) 93 | . 95 98 98 97 84 Engine 11 | . 14 14 14 13 7 Core 2 | . . . . 2 4 Leg 4 | . . . 8 . 4 Wheel 18 | . 28 25 18 27 10 Device 8 | . . . 8 11 13 Storage 10 | . 14 14 14 9 7 Processor 3 | . . . . 6 7 Protection 6 | . 9 14 5 . 6 Energy Gun 12 | . 14 14 14 9 11 Ballistic Gun 7 | . 14 14 5 8 6 Ballistic Cannon 4 | . . . 8 9 . Peak Build Rating 38 | 6 8 8 15 27 38 Average Rating 19 | 4 7 7 10 23 31 On Entrance 10 | . 6 8 8 12 27 Avg Prop Armor Cover (%) 2 | . . . . . 2 Naked Turns . | . . . . . . Heaviest Build 60 | 14 21 21 21 41 60 Greatest Support 60 | 26 26 26 40 60 52 Greatest Overweight (x) 14 | . . 6 2 . 14 Average Overweight (x) . | . . . . . 1 Largest Inventory Capacity 15 | 8 8 8 8 15 15 Average Capacity 10 | 7 8 8 8 8 14 Most Carried 15 | 4 8 8 8 11 15 Average Carried 9 | 1 6 8 7 7 12 Final Capacity 15 | 8 8 8 8 15 5 Final Carried 11 | 4 8 8 8 11 5 Class Distribution -------------------- 59% | Mutant 17% | Scavenger-Tank 13% | Scavenger-Skirmisher 7% | Tank Dominant Class ---------------- Mutant | -10/Materials Mutant | -10/Mines Mutant | -10/Subcaves Scavenger-Skirmisher | -8/Materials Scavenger-Tank | -7/Factory Resources | -11 -10 -10 -10 -8 -7 ----------- Run | Yrd Mat Min Sub Mat Fac Matter Collected 1182 | 237 39 84 166 200 456 Remotely . | . . . . . . Salvage Created 1554 | . 47 119 161 222 1005 Parts 85 | . 9 10 5 13 48 Haulers Intercepted 2 | . . . . . 2 Recyclers Shooed 2 | . . . . . 2 Parts Field Recycled . | . . . . . . Retrieved Matter . | . . . . . . Parts Self-Destructed 10 | . . . 10 . . Prevented . | . . . . . . Parts Restored . | . . . . . . Kills | -11 -10 -10 -10 -8 -7 ------- Run | Yrd Mat Min Sub Mat Fac Combat Hostiles Destroyed 38 | . 3 8 3 5 19 Guns 33 | . 3 8 3 4 15 Cannons 2 | . . . . 1 1 AOE 3 | . . . . . 3 Classes Destroyed 11 | . 1 . 2 3 5 Builder 3 | . . . . . 3 Hauler 2 | . . . . . 2 Recycler 2 | . . . . 1 1 Operator 1 | . . . . 1 . Watcher 1 | . . . . . 1 Swarmer 16 | . 3 8 . 2 3 Grunt 12 | . . . . 2 10 Sentry 6 | . . . 1 1 4 Hunter 1 | . . . . . 1 Programmer 1 | . . . . . 1 Subdweller 2 | . . . 2 . . Best Kill Streak 6 | . 3 5 1 4 6 Combat Bots Only 5 | . 3 5 1 4 5 Max Kills in Single Turn 2 | . 2 2 1 1 2 Gunslinging 1 | . 1 1 . . 1 Exploded 1 | . . . . . 1 Melee . | . . . . . . Uniques/NPCs Destroyed . | . . . . . . Combat | -11 -10 -10 -10 -8 -7 -------- Run | Yrd Mat Min Sub Mat Fac Hostile Shots Fired 519 | . 5 27 35 22 430 Missed 174 | . 3 9 8 4 150 Hits 345 | . 2 18 27 18 280 Projectile 345 | . 2 18 27 18 280 Critical Strikes 3 | . . . . . 3 Damage Taken 3771 | . 14 161 602 246 2748 Core 829 | . . 39 75 10 705 Absorbed by Shields 122 | . . . . . 122 Core Remaining (%) 84 | 100 . . 54 98 . Volleys Fired 135 | . 2 12 30 15 76 Largest 3 | . 2 2 2 3 3 Hottest 164 | . 70 70 100 119 164 Shots Fired 287 | . 4 24 53 44 162 Gun 228 | . 4 24 34 29 137 Cannon 47 | . . . 15 15 17 Launcher 8 | . . . . . 8 Special 4 | . . . 4 . . Kinetic 139 | . 2 12 23 30 72 Thermal 89 | . 2 12 30 14 31 Explosive 8 | . . . . . 8 Electromagnetic 51 | . . . . . 51 Robot Hit Streak 10 | . 3 2 10 8 8 Robot Miss Streak 10 | . 1 4 2 5 10 Penetration Max . | . . . . . . Secondary Targets 6 | . 1 1 . . 4 Max Gunslinging Chain 1 | . 1 1 . . 1 Shots Hit Robots 152 | . 3 11 22 21 95 Core Hits 97 | . 3 8 7 9 70 Critical Kills . | . . . . . . Critical Parts Destroyed 1 | . . . . . 1 Critical Strikes 5 | . . . 2 1 2 Burn 2 | . . . 2 . . Destroy 1 | . . . . . 1 Blast 2 | . . . . 1 1 Melee Attacks 1 | . . . . . 1 Impact . | . . . . . . Slashing 1 | . . . . . 1 Piercing . | . . . . . . Sneak Attacks . | . . . . . . Combat Hostiles . | . . . . . . Follow-up Attacks . | . . . . . . Damage Inflicted 3103 | . 39 184 298 424 2158 Guns 2011 | . 39 148 218 319 1287 Cannons 306 | . . . 80 101 125 Explosions 741 | . . . . . 741 Melee . | . . . . . . Ramming 45 | . . 36 . 4 5 Kinetic 1286 | . 27 74 151 290 744 Thermal 801 | . 12 74 147 130 438 Explosive 590 | . . . . . 590 Electromagnetic 381 | . . . . . 381 Impact . | . . . . . . Slashing . | . . . . . . Piercing . | . . . . . . Highest Corruption 3 | . . . . . 3 Average Corruption 2 | . . . . . 2 Corruption Purged . | . . . . . . Corruption Blocked . | . . . . . . Effects 7 | . . . . . 7 Matter Fused 1 | . . . . . 1 Heat Flow Errors 2 | . . . . . 2 Energy Discharges 1 | . . . . . 1 Data Loss (minor) 1 | . . . . . 1 Weapon Failures 2 | . . . . . 2 Overload Shots . | . . . . . . Overflow Damage 56 | . . . . . 56 Projectiles . | . . . . . . Explosions 56 | . . . . . 56 Melee . | . . . . . . Knockbacks 2 | . . 1 . 1 . Impact 1 | . . 1 . . . Kinetic 1 | . . . . 1 . Secondary . | . . . . . . Self-Inflicted Damage 69 | . . 17 . 2 50 Shots 3 | . . . . . 3 Rammed 4 | . . 3 . 1 . Targets Rammed 6 | . . 3 . 1 2 Kicked 2 | . . . . . 2 Crushed . | . . . . . . Highest Temperature 651 | . 36 108 . 516 651 Average Temperature 186 | . 18 47 . 207 206 Received Heat Transfer 999 | . . . 120 99 780 Effects 45 | . . . . 12 33 Shutdowns 12 | . . . . 5 7 Energy Bleed 3 | . . . . . 3 Interference 5 | . . . . . 5 Matter Decay 1 | . . . . . 1 Short Circuit 3 | . . . . . 3 Damage (minor) 4 | . . . . . 4 Damage (major) 17 | . . . . 7 10 Siege Activations . | . . . . . . Martial Activations . | . . . . . . Shielding Activations . | . . . . . . Robots Disrupted . | . . . . . . Combat Hostiles . | . . . . . . Robots Corrupted . | . . . . . . Combat Hostiles . | . . . . . . Parts Fried . | . . . . . . Impact Corruptions . | . . . . . . Robots Melted . | . . . . . . Combat Hostiles . | . . . . . . Parts Melted 2 | . . 1 1 . . Heat Transferred 1950 | . 37 222 592 333 766 Parts Sabotaged . | . . . . . . Parts Stolen . | . . . . . . Parts Stripped . | . . . . . . Power Chain Reactions 1 | . . . . . 1 Alert | -11 -10 -10 -10 -8 -7 ------- Run | Yrd Mat Min Sub Mat Fac Maximum Alert Level . | . . . . . . Low Security (%) 100 | 100 100 100 . 100 100 Level 1 . | . . . . . . Level 2 . | . . . . . . Level 3 . | . . . . . . Level 4 . | . . . . . . Level 5 . | . . . . . . High Security . | . . . . . . Max Security . | . . . . . . Peak Influence 167 | . 70 167 . 161 162 Initial 52 | . . 23 . . 52 Average 43 | . 10 39 . 45 50 Influence Increases 1184 | . 70 258 21 217 618 Destroy 0b10 Robot/C 740 | . 60 180 20 100 380 Destroy 0b10 Robot/NC 45 | . . . . 10 35 Destroy Leader 176 | . 10 30 . 30 106 Allied During Kill 34 | . . 33 1 . . Successful Hack 2 | . . . . . 2 Disable Machine 105 | . . . . 75 30 Destroy Structure 52 | . . . . 2 50 Lose Combat Pursuer 30 | . . 15 . . 15 Influence Decreases 1038 | . 10 179 160 101 588 Entered New Map 174 | . . 37 73 . 64 Time Decay 604 | . 10 142 77 101 274 Lost Part 260 | . . . 10 . 250 Squads Dispatched 13 | . . . . 4 9 Investigation 1 | . . . . . 1 Extermination 1 | . . . . . 1 Reinforcement 3 | . . . . 1 2 Assault . | . . . . . . Garrison 8 | . . . . 3 5 Intercept . | . . . . . . Searches Triggered . | . . . . . . Construction Impeded 1 | . . . . . 1 Haulers Reinforced . | . . . . . . Active Scanning Responses . | . . . . . . Cargo Convoy Interrupts . | . . . . . . Stealth | -11 -10 -10 -10 -8 -7 --------- Run | Yrd Mat Min Sub Mat Fac Distress Signals 3 | . . . . 1 2 Communications Jammed . | . . . . . . Distress Signals . | . . . . . . Times Spotted 62 | . 5 9 13 7 28 Peak Tracking Total 5 | . 4 3 5 2 4 Tactical Retreats 2 | . . 1 . . 1 Traps | -11 -10 -10 -10 -8 -7 ------- Run | Yrd Mat Min Sub Mat Fac Traps Triggered 1 | . . . 1 . . Indirectly . | . . . . . . Trap Hack Attempts . | . . . . . . Triggered . | . . . . . . Disarmed . | . . . . . . Reprogrammed . | . . . . . . Reused . | . . . . . . Traps Extracted . | . . . . . . Installed . | . . . . . . Triggered . | . . . . . . Machines | -11 -10 -10 -10 -8 -7 ---------- Run | Yrd Mat Min Sub Mat Fac Machines Disabled 7 | . . . . 5 2 Max in Single Turn 2 | . . . . 1 2 Machines Repaired . | . . . . . . Machines Dismantled . | . . . . . . Machines Sabotaged . | . . . . . . Overloaded Fab Kills . | . . . . . . Hacking | -11 -10 -10 -10 -8 -7 --------- Run | Yrd Mat Min Sub Mat Fac Machines Accessed 6 | . 3 . . . 3 Terminals 5 | . 3 . . . 2 Fabricators . | . . . . . . Repair Stations . | . . . . . . Recycling Units 1 | . . . . . 1 Scanalyzers . | . . . . . . Garrison Access . | . . . . . . Total Hacks 16 | . 7 . . . 9 Successful 10 | . 3 . . . 7 Failed 6 | . 4 . . . 2 Catastrophic . | . . . . . . Database Lockouts . | . . . . . . Manual . | . . . . . . Terminals 10 | . 7 . . . 3 Fabricators . | . . . . . . Repair Stations . | . . . . . . Recycling Units 6 | . . . . . 6 Scanalyzers . | . . . . . . Garrison Access . | . . . . . . Terminal Hacks 5 | . 3 . . . 2 Record 1 | . . . . . 1 Prototype ID Bank 2 | . 2 . . . . Open DSF 1 | . . . . . 1 Dispatch Records 1 | . 1 . . . . Fabricator Hacks . | . . . . . . Repair Station Hacks . | . . . . . . Recycling Unit Hacks 5 | . . . . . 5 Recycle Component 3 | . . . . . 3 Report Inventory 1 | . . . . . 1 Retrieve Components 1 | . . . . . 1 Scanalyzer . | . . . . . . Garrison Access Hacks . | . . . . . . Unauthorized Hacks . | . . . . . . Terminals . | . . . . . . Fabricators . | . . . . . . Repair Stations . | . . . . . . Recycling Units . | . . . . . . Scanalyzers . | . . . . . . Garrison Access . | . . . . . . Data Cores Recovered . | . . . . . . Used . | . . . . . . Hacking Detections 4 | . 2 . . . 2 Full Trace Events 1 | . . . . . 1 Feedback Events . | . . . . . . Feedback Blocked . | . . . . . . Robot Schematics Acquired . | . . . . . . Robots Built . | . . . . . . Authchips . | . . . . . . Time . | . . . . . . Total Robot Build Rating . | . . . . . . Part Schematics Acquired . | . . . . . . Parts Built . | . . . . . . Authchips . | . . . . . . Time . | . . . . . . Total Part Build Rating . | . . . . . . Part Studies Acquired . | . . . . . . Parts Repaired . | . . . . . . Time . | . . . . . . Parts Recycled 3 | . . . . . 3 Recycled Matter . | . . . . . . Retrieved Matter . | . . . . . . Retrieved Components 2 | . . . . . 2 Parts Scanalyzed . | . . . . . . Part Schematics Acquired . | . . . . . . Parts Damaged . | . . . . . . Bothacking | -11 -10 -10 -10 -8 -7 ------------ Run | Yrd Mat Min Sub Mat Fac Used RIF Installer . | . . . . . . Robots Hacked . | . . . . . . Non-combat . | . . . . . . Combat . | . . . . . . Robot Hacks Applied . | . . . . . . Relay Couplers Released . | . . . . . . Fabnet Peak Effective % . | . . . . . . Robots Rewired . | . . . . . . Allies Hacked . | . . . . . . Hacks Repelled . | . . . . . . Allies | -11 -10 -10 -10 -8 -7 -------- Run | Yrd Mat Min Sub Mat Fac Total Allies 3 | . . 3 . . . Largest Group 3 | . . 3 1 . . Highest-Rated Group 40 | . . 40 16 . . Highest-Rated Ally 16 | . . 16 16 . . Total Orders . | . . . . . . Ally Attacks 11 | . . 5 6 . . Total Damage 148 | . . 50 98 . . Kills 1 | . . 1 . . . Allies Corrupted . | . . . . . . Allies Melted . | . . . . . . Intel | -11 -10 -10 -10 -8 -7 ------- Run | Yrd Mat Min Sub Mat Fac Active Infowar (turns) 1603 | . . . 556 394 653 Optics 95 | . . . . 95 . Sensors 1589 | . . . 556 393 640 ECM 13 | . . . . . 13 Robot Analysis Total . | . . . . . . Derelict Logs Recovered 2 | . . 1 1 . . Drone Launches . | . . . . . . Drone Recoveries . | . . . . . . Exploration | -11 -10 -10 -10 -8 -7 ------------- Run | Yrd Mat Min Sub Mat Fac Turns Passed 2995 | 54 135 400 947 394 1065 Spaces Moved 2035 | 46 136 370 644 249 590 Core 15 | 1 . 1 . . 13 Treads . | . . . . . . Legs 211 | . . . 146 . 65 Wheels 1803 | 45 136 363 498 249 512 Hover . | . . . . . . Flight 6 | . . 6 . . . Fastest Speed 50 | 50 90 90 90 103 50 Average Speed 116 | 89 90 93 126 107 130 Slowest Speed 750 | 100 90 440 260 110 750 Overloaded Moves . | . . . . . . Propulsion Burnouts . | . . . . . . Robots Hopped . | . . . . . . Potential Cave-ins . | . . . . . . Cave-ins Triggered . | . . . . . . Exploration Rate (%) 27 | 3 31 63 35 21 14 Regions Visited 5 Branch Regions 2 Pre-discovered Areas 1 | . . 1 . . . Known Exits Taken 1 | . . . . 1 . Unknown Exits Taken 4 | 1 1 1 1 . . Scrap Searched . | . . . . . . Spaces Dug . | . . . . . . Terrain Destroyed 62 | . . . . 1 61 Melee . | . . . . . . Projectile 2 | . . . . 1 1 AOE 60 | . . . . . 60 Terrain Rammed . | . . . . . . Walls Destroyed . | . . . . . . Machines Disabled . | . . . . . . Actions | -11 -10 -10 -10 -8 -7 --------- Run | Yrd Mat Min Sub Mat Fac Total 2405 | 56 143 399 715 343 749 Wait 72 | . 1 5 5 51 10 Move 2030 | 45 135 369 643 248 590 Hop . | . . . . . . Pick Up 43 | 5 4 . 11 8 15 Fast Attach 34 | 5 1 5 3 5 15 Attach 25 | 1 . . 6 3 15 Detach 8 | . . . 3 . 5 Swap 11 | . . . 4 3 4 Drop 40 | . . 5 10 9 16 Fire 135 | . 2 12 30 15 76 Melee 1 | . . . . . 1 Ram 4 | . . 3 . 1 . Kick 2 | . . . . . 2 Crush . | . . . . . . Escape Stasis . | . . . . . . Rewire . | . . . . . . Trap . | . . . . . . Miscellaneous . | . . . . . . Route ------- -11/Scrapyard -10/Materials -10/Mines (discovered 2 exits: [*Mat] / [*Sub]) -10/Subcaves -8/Materials -7/Factory History --------- Turn | Location | Event 22 | -11/Scrapyard | Discovered new exit (range 15) 55 | -11/Scrapyard | Entered Materials 160 | -10/Materials | Discovered new exit (range 12) 190 | -10/Materials | Entered Mines 225 | -10/Mines | Learned location of Zion (-6) 266 | -10/Mines | Assisted by bots powering up and referring to "LRC-V3" 305 | -10/Mines | Build established: Mutant 412 | -10/Mines | Found a hidden stash of uninstalled traps 576 | -10/Mines | Discovered new exit (range 9) 581 | -10/Mines | Discovered new exit (range 10) 590 | -10/Mines | Entered Subcaves 590 | -10/Subcaves | Accompanied by 1 ally 591 | -10/Subcaves | Approached by a straggling Scientist 594 | -10/Subcaves | Learned Materials trap positions 924 | -10/Subcaves | A swath of the cavern ceiling suddenly collapsed 940 | -10/Subcaves | Shifting Twisted Machinery released Sub. Power Source 950 | -10/Subcaves | Ambushed by swarm of Subdwellers 1003 | -10/Subcaves | Lost 3 parts (1p1u1w) 1148 | -10/Subcaves | A swath of the cavern ceiling suddenly collapsed 1279 | -10/Subcaves | Lost 4 allies 1527 | -10/Subcaves | Discovered new exit (range 4) 1537 | -10/Subcaves | Entered Materials 1537 | -8/Materials | Evolved 4 slots: Power x1, Propulsion x1, Utility x1, Weapon x1 1538 | -8/Materials | Loaded intel: 16 trap records 1638 | -8/Materials | Garrison activated, responded to threat 1802 | -8/Materials | Garrison activated, responded to threat 1820 | -8/Materials | Build established: Scavenger-Skirmisher 1889 | -8/Materials | Discovered new exit (range 16) 1929 | -8/Materials | Identified exit to Factory 1931 | -8/Materials | Entered Factory 1931 | -7/Factory | Evolved 2 slots: Utility x2 2240 | -7/Factory | Build established: Scavenger-Tank 2454 | -7/Factory | Garrison activated, responded to threat 2678 | -7/Factory | Lost 7 parts (3n1u3w) 2732 | -7/Factory | Lost 3 parts (1p1u1w) 2838 | -7/Factory | Garrison activated, responded to threat 2952 | -7/Factory | Core integrity fell below 50% 2984 | -7/Factory | Core integrity fell below 20% 2996 | -7/Factory | Destroyed by Y-54 Guardian with Gatling Laser Last Messages --------------- 02979_ U-05 Engineer lays Concrete. 02982_ K-01 Serf collects debris. 02983_ U-05 Engineer lays Concrete. 02985_ Destroyed Tractor Beam. 02985_ U-05 Engineer lays Concrete. 02986_ Prc. Grenade Launcher destroyed. 02986_ K-01 Serf collects debris. 02986_ U-05 Engineer lays Concrete. 02987_ K-01 Serf collects debris. 02987_ U-05 Engineer lays Concrete. 02989_ U-05 Engineer builds a Wall. 02990_ U-05 Engineer builds a Door. 02990_ R-06 Scavenger collects Adv. Treads. 02991_ K-01 Serf collects debris. 02991_ U-05 Engineer lays Concrete. 02992_ Dropped Lrg. Storage Unit. 02992_ U-05 Engineer builds a Wall. 02994_ K-01 Serf collects debris. 02994_ U-05 Engineer lays Concrete. 02995_ U-05 Engineer builds a Wall. Map ----- +----------------------------------------------------+ | """ # #???????????????????????????????????? | | """"" # #???????????????????????????????????? | | """"" + +???????????????????????????????????? | | # # ??????????????????????????????????? | | ""T""" # # ??????????????????????????????????? | | ######## #####???????????????????????????????? | | ??????# #???????????????????????????????? | | ??????# #???????????????????????????????? | | ??????# #### "?????????????????????????? | | ??????# / "?????????????????????????? | | ??????# #### ??????????????????????????? | | ??????# #???????????????????????????????? | | ??????# #???????????????????????????????? | | ??????# #??????? ???????????????????????? | | ??????# #??????? ???????????????????????? | | ??????# #???????+#??????????????????????? | | ??????# ##?????? ??????????????????????? | | ??????# T#?????# #??????????????????????? | | ??????# #?????# #??????????????????????? | | ??????# ##?????# #??????????????????????? | | ??????# #????### ####???????????????????? | | ??????# #???## #???????????????????? | | ??????# #???# #??#????????????????? | | ??????# #???# ##r####?????????????? | | ??????# ##??# Y #?????????????? | | ??????# ## @ #= = #?????????????? | | ??????# % # "*" #?????????????? | | ??????# % %% *%/u"G" ??????????????? | | ??????# ## ### ! !#u""" ??????????????? | | ??????# ## ##??# ! #?????????????? | | ??????# ##??????## ####?????????????? | | ??????# #????????# # ?????????????? | | ??????# #????????# + #???????????? | | ??????# #????????# # #???????????? | | ??????# #????????# #?""""""" #???????????? | | ??????# #????????# #?""""""" #???????????? | | ??????# #????????# #??""""???????????????? | | ??????# #????????/r #?????????????????????? | | ??????# #????????# #?????????????????????? | | ??????# #????????# #?????????????????????? | | ??????# #????????# #?????????????????????? | | ??????# ?????????? #?????????????????????? | | ?????? ?????????? #?????????????????????? | | ?????# ?????????? ??????????????????????? | | ?????# ???????????????????????????????????? | | ?????? ???????????????????????????????????? | | ????????? ???????????????????????????????????? | | ??????????? ???????????????????????????????????? | | ?????????????????????????????????????????????????? | | ?????????????????????????????????????????????????? | +----------------------------------------------------+ Best States ------------- Heat Dissipation 34 Energy Generation 27 Energy Capacity 480 Matter Stores 300 Matter Capacity 300 Sight Range 21 Robot Scan Range 15 Terrain Scan Density 10 ECM Strength 2 Armor Coverage 300 Weapon Cycling 15 Evasion (%) 45 Item Schematics ----------------- None Robot Schematics ------------------ None Fabricated ------------ Nothing Repaired ---------- Nothing Studied --------- None Alien Tech Used ----------------- None Achievements -------------- None Challenges ------------ None Game ------ Seed StoragePlasmaPurifier Manual? 0 Play Time 00:31:36 Cumulative 14.3 hours Start 2026.09.01 @ 01:34:53 End 2026.09.01 @ 02:05:53 Sessions 1 Manual Loads 0 Difficulty Rogue Special Mode None Game No. 34 Rogue 34 Adventurer 0 Explorer 0 Win Type - Total 0 Types 0/0/0/0/0/0/0/0/0/0 Lore% 9 Gallery% 19 Achievement% 11 Wizard Run 0 Options --------- Layout 1 ASCII 0 Keyboard 1 Movement Numpad Keybinds 0 Fullscreen 1 Font 24/Smallcaps Map View 50x35 Zoom Use 0% Tactical HUD 1 Map Filters NONE Filters NONE Steam 1 RUN: 77f23b5b-c73b-43a0-bd75-5b5740cc4e2b